 Dungeon Crawl Stone Soup version 0.29.1-12-g30fa7ad0bf (webtiles) character file.

Game seed: 17676613006432379921

126 MisterFreud the Covert (level 5, -1/47 HPs)
             Began as a Gnoll Delver on Dec 15, 2022.
             Succumbed to a kobold brigand's poison
             ... on level 4 of the Dungeon.
             The game lasted 00:00:58 (395 turns).

MisterFreud the Covert (Gnoll Delver)                Turns: 395, Time: 00:00:58

Health: -1/47      AC:  3    Str: 12    XL:     5   Next: 9%
Magic:  7/7        EV: 13    Int: 11    God:
Gold:   10         SH:  0    Dex: 13    Spells: 6/6 levels left

rFire   . . .      SeeInvis .   a - +0 short sword
rCold   . . .      Faith    .   (no shield)
rNeg    . . .      Spirit   .   b - +0 leather armour
rPois   .          Reflect  .   (no helmet)
rElec   .          Harm     .   (no cloak)
rCorr   .          Rampage  .   (no gloves)
Will    .....                   (no boots)
Stlth   ++++......              (no amulet)
HPRegen 0.15/turn               (no ring)
MPRegen 0.10/turn               (no ring)

@: lethally poisoned (-1 -> -14), hasted, very quick
A: fangs 1, strong nose, distributed training
a: no special abilities


You were on level 4 of the Dungeon.
You visited 1 branch of the dungeon, and saw 3 of its levels.

You collected 10 gold pieces.

Inventory:

Hand Weapons
 a - a +0 short sword (weapon)
Armour
 b - a +0 leather armour (worn)
Wands
 g - a wand of digging (3)
Scrolls
 c - a scroll of fog
 d - a scroll of magic mapping
 h - a scroll of blinking {unknown}
 j - a scroll of identify {unknown}


   Skills:
 + Level 6.7 Fighting
 + Level 4.7 Short Blades
 + Level 1.4 Long Blades
 + Level 1.4 Axes
 + Level 1.4 Maces & Flails
 + Level 1.4 Polearms
 + Level 1.4 Staves
 + Level 1.4 Ranged Weapons
 + Level 1.4 Throwing
 + Level 1.4 Armour
 + Level 4.7 Dodging
 + Level 9.7 Stealth
 + Level 1.4 Shields
 + Level 1.4 Unarmed Combat
 + Level 1.4 Spellcasting
 + Level 1.1 Conjurations
 + Level 1.1 Hexes
 + Level 1.1 Summonings
 + Level 1.1 Necromancy
 + Level 1.1 Translocations
 + Level 1.1 Transmutations
 + Level 1.1 Fire Magic
 + Level 1.1 Ice Magic
 + Level 1.1 Air Magic
 + Level 1.1 Earth Magic
 + Level 1.1 Poison Magic
 + Level 1.6 Invocations
 + Level 1.4 Evocations


You had 6 spell levels left.
You didn't know any spells.
Your spell library was empty.

Dungeon Overview and Level Annotations

Branches:
Dungeon (6/15)
 Temple: D:4-7

Altars:
Elyvilon


Innate Abilities, Weirdness & Mutations

You have very sharp teeth.
Your uncanny sense of smell can sniff out nearby items.
Your experience applies equally to all skills.


Message History

The hound barks!
The ufetubus looks frightened!
Found a scroll labelled DURCHUU ERPHIOMP.
An orc and a kobold come into view.
The kobold shouts!
An adder comes into view.
Found an escape hatch in the ceiling.
You see here a scroll labelled DURCHUU ERPHIOMP.
Found 7 gold pieces.
A ball python comes into view.
The ball python moves out of view.
A ball python comes into view.
Found 11 gold pieces.
The ball python hisses angrily.
The ball python hisses angrily.
The orc shouts!
The adder hisses angrily.
The ball python closely misses you. x2
The ball python attacks as you move away!
The ball python barely misses you. The ball python misses you.
An endoplasm comes into view.
A kobold brigand comes into view.
It is wielding a +0 dagger and quivering poisoned darts.
The kobold brigand shouts!
The endoplasm quivers.
The kobold brigand throws a poisoned dart.
The poisoned dart hits you!
You are lethally poisoned!
The adder misses you.
You feel yourself speed up.
* * * LOW HITPOINT WARNING * * *
You feel sick. The ball python barely misses you.
The ball python closely misses you. The adder bites you but does no damage.
The ball python closely misses you. The ball python misses you.
The kobold hits you but does no damage.
The kobold brigand throws a poisoned dart.
The poisoned dart hits you!
You are more poisoned.
The ball python barely misses you. The ball python misses you.
* * * LOW HITPOINT WARNING * * *
You feel very sick. The adder completely misses you.
You die...

.........#.
..#......... .
...........K ...
#..............
.#.###..............
.....$...J..........
#...................∆
#....@..........
.###..<#.S.......
.......oS.....#### ..
.#####..SK#..?...#
...#
#...##...##......##
#........####......
##...#.............
..............#......
###..##.#............


You could see an adder, an endoplasm, 2 ball pythons and a kobold.

Vanquished Creatures
  An ogre (D:5)
  A hound (D:5)
  An adder (D:5)
  A white imp (D:5)
4 creatures vanquished.

Notes
Turn   | Place    | Note
-------+----------+-------------------------------------------
     0 | D:5      | Reached skill level 9 in Stealth
     0 | D:5      | MisterFreud the Gnoll Delver began the quest for the Orb.
     0 | D:5      | Reached XP level 1. HP: 23/23 MP: 1/1
    17 | D:5      | Reached XP level 2. HP: 29/29 MP: 2/2
    30 | D:5      | Reached skill level 1 in Invocations
    30 | D:5      | Reached XP level 3. HP: 22/35 MP: 2/4
   149 | D:5      | Found a white marble altar of Elyvilon.
   180 | D:5      | Reached skill level 1 in Long Blades
   180 | D:5      | Reached skill level 1 in Axes
   180 | D:5      | Reached skill level 1 in Maces & Flails
   180 | D:5      | Reached skill level 1 in Polearms
   180 | D:5      | Reached skill level 1 in Staves
   180 | D:5      | Reached skill level 1 in Ranged Weapons
   180 | D:5      | Reached skill level 1 in Throwing
   180 | D:5      | Reached skill level 1 in Armour
   180 | D:5      | Reached skill level 1 in Shields
   180 | D:5      | Reached skill level 1 in Unarmed Combat
   180 | D:5      | Reached skill level 1 in Spellcasting
   180 | D:5      | Reached skill level 1 in Evocations
   340 | D:5      | Noticed an ogre
   347 | D:5      | Killed an ogre
   348 | D:5      | Reached skill level 1 in Conjurations
   348 | D:5      | Reached skill level 1 in Hexes
   348 | D:5      | Reached skill level 1 in Summonings
   348 | D:5      | Reached skill level 1 in Necromancy
   348 | D:5      | Reached skill level 1 in Translocations
   348 | D:5      | Reached skill level 1 in Transmutations
   348 | D:5      | Reached skill level 1 in Fire Magic
   348 | D:5      | Reached skill level 1 in Ice Magic
   348 | D:5      | Reached skill level 1 in Air Magic
   348 | D:5      | Reached skill level 1 in Earth Magic
   348 | D:5      | Reached skill level 1 in Poison Magic
   348 | D:5      | Reached XP level 4. HP: 41/41 MP: 4/6
   348 | D:5      | Reached XP level 5. HP: 47/47 MP: 4/7
   359 | D:5      | HP: 1/47 [orc/+0 short sword (4)]
   368 | D:4      | Noticed an ogre
   392 | D:4      | Noticed a kobold brigand
   394 | D:4      | HP: 1/47 [poisoned by a kobold brigand]
   395 | D:4      | Succumbed to a kobold brigand's poison

Illustrated notes

Levels and vault maps discovered:
D:4:      layout_rooms, gammafunk_temple_overflow_wave, serial_shops, shop,
          minmay_manual_moon
D:5:      layout_rooms, elyvilon_altar_1, portal_sewer_entry_d,
          kennysheep_flooded_box, kennysheep_generic_room_12
D:6:      layout_loops_ring, zin_scriptorium, temple_fountains

Skill      XL: |  1  2  3 |
---------------+----------+-----
Stealth        | |  9.7
Invocations    | 1 |  1.6
Long Blades    | 1 |  1.4
Axes           | 1 |  1.4
Maces & Flails | 1 |  1.4
Polearms       | 1 |  1.4
Staves         | 1 |  1.4
Ranged Weapons | 1 |  1.4
Throwing       | 1 |  1.4
Armour         | 1 |  1.4
Shields        | 1 |  1.4
Unarmed Combat | 1 |  1.4
Spellcasting   | 1 |  1.4
Evocations     | 1 |  1.4
Conjurations   | 1 |  1.1
Hexes          | 1 |  1.1
Summonings     | 1 |  1.1
Necromancy     | 1 |  1.1
Translocations | 1 |  1.1
Transmutations | 1 |  1.1
Fire Magic     | 1 |  1.1
Ice Magic      | 1 |  1.1
Air Magic      | 1 |  1.1
Earth Magic    | 1 |  1.1
Poison Magic   | 1 |  1.1
Fighting       | |  6.7
Short Blades   | |  4.7
Dodging        | |  4.7

Action                   |  1- 3 |  4- 6 || total
-------------------------+-------+-------++-------
Melee: Short sword       |    31 |     6 ||    37
       Bite              |     2 |     1 ||     3
  Use: Potion            |       |     2 ||     2
       Scroll            |       |     1 ||     1
 Stab: Sleeping          |     1 |       ||     1
Armor: Leather armour    |     3 |     8 ||    11
Dodge: Dodged            |    17 |    32 ||    49
